 Dungeon Crawl Stone Soup version 0.17.2 (webtiles) character file.

405 Goblin1989 the Poker (level 6, -8/44 HPs)
             Began as a Demonspawn Gladiator on June 28, 2016.
             Was a Believer of Yredelemnul.
             Mangled by an ogre
             ... wielding a +0 giant club
              (20 damage)
             ... on level 4 of the Dungeon.
             The game lasted 00:12:51 (3553 turns).

Goblin1989 the Poker (Demonspawn Gladiator)         Turns: 3553, Time: 00:12:52

Health: -8/44      AC:  7    Str: 18    XL:     6   Next: 56%
Magic:  8/8        EV: 11    Int:  9    God:    Yredelemnul [**....]
Gold:   118        SH:  0    Dex: 13    Spells: 0 memorised, 5 levels left

rFire  . . .     SeeInvis .     a - +0 trident
rCold  . . .     Clarity  .     t - +0 leather armour
rNeg   . . .     SustAt   .     (no shield)
rPois  .         Gourm    .     c - +0 helmet
rElec  .         Spirit   .     (no cloak)
rCorr  .         Warding  .     (no gloves)
rMut   .         Stasis   .     (no boots)
MR     .....                    (no amulet)
Stlth  +.........               (no ring)
                                (no ring)

@: lethally poisoned (-8 -> -9), heavily drained, not resistant to hostile
enchantments, very unstealthy
A: hooves 1, slimy green scales 2, powered by death 1
a: Animate Remains, Recall Undead Slaves, Injury Mirror, Renounce Religion


You were on level 4 of the Dungeon.
You worshipped Yredelemnul.
Yredelemnul was pleased with you.
You were hungry.

You visited 1 branch of the dungeon, and saw 4 of its levels.
You also visited: Sewer.

You collected 118 gold pieces.

Inventory:

Hand Weapons
 a - a +0 trident (weapon)
 b - a +0 blowgun
Missiles
 d - 3 throwing nets {=f, !d}
 s - 78 poisoned needles
Armour
 c - a +0 helmet (worn)
 t - a +0 leather armour (worn)
Jewellery
 g - an uncursed ring of fire {unknown}
Wands
 x - a wand of draining (11)
 y - a wand of draining (0)
Scrolls
 k - a scroll of vulnerability {unknown}
 p - 3 scrolls of noise {!r}
 q - 3 scrolls of identify
 r - a scroll of magic mapping {!r}
 v - a scroll of amnesia {unknown}
 z - a scroll of enchant weapon {unknown}
Potions
 f - 2 potions of agility {unknown}
 h - a potion of curing
 i - 2 potions of heal wounds
 j - 3 potions of brilliance
 l - 2 potions of magic
 w - a potion of poison {unknown}
Comestibles
 e - 2 bread rations
 m - a royal jelly
 o - a meat ration


   Skills:
 - Level 2.0(0.7) Fighting
 * Level 6.4(4.9) Polearms
 - Level 1.7(0.4) Throwing
 - Level 2.6(1.3) Dodging
 + Level 3.0(1.6) Invocations


You had 5 spell levels left.
You didn't know any spells.

Dungeon Overview and Level Annotations

Branches:
Dungeon (4/15)
 Temple: D:4-7

Altars:
Fedhas
Qazlal
Yredelemnul

Annotations:
D:2 exclusion: oklob plant


Innate Abilities, Weirdness & Mutations

You have large cloven feet.
You are mostly covered in slimy green scales (AC +3).
You regenerate a little health from kills.


Message History

You are too injured to fight recklessly!
You are too injured to fight recklessly!
You are too injured to fight recklessly!
You are too injured to fight recklessly!
You are too injured to fight recklessly!
You are too injured to fight recklessly!
You barely miss the ogre. Your kick misses the ogre.
The ogre closely misses you.
Unknown command.
You hit the ogre but do no damage. The ogre barely misses you.
You completely miss the ogre. You kick the ogre, but do no damage.
You feel less regenerative.
You barely miss the ogre. Your kick misses the ogre.
You feel sick. The ogre hits you with a giant club!
* * * LOW HITPOINT WARNING * * *
You take 12 damage, and have 12/44 hp.
MASSIVE DAMAGE!!
You closely miss the ogre. Your kick misses the ogre.
The ogre hits you with a giant club!!
You die...
Your body rises from the dead as a mindless zombie.

#.#+######.#...###
#.......##.......#
#.......##...#
#......##...#
#....).##.#.#
#......##.#.#
#.........#.#
#.........#O#
#........##@#
###+###.....#
##.###.#######
..............#
###.###.#.###.#
#.# #.#.# #.#
#.#.# .. ..#.#
..#.#


You could see an ogre.

Vanquished Creatures
  3 orc priests (D:3)
  2 orc wizards
  3 river rats (Sewer)
  13 adders
  An ooze (D:2)
  A worm (D:2)
  2 giant geckos
  6 orcs
  5 hobgoblins
  6 ball pythons
  8 bats
  6 giant cockroaches (D:3)
  4 giant newts
  8 goblins
  25 kobolds
  25 rats
  A spectral orc (D:2)
119 creatures vanquished.

Notes
Turn   | Place    | Note
--------------------------------------------------------------
     0 | D:1      | Goblin1989 the Demonspawn Gladiator began the quest for the Orb.
     0 | D:1      | Reached XP level 1. HP: 16/16 MP: 1/1
    77 | D:1      | Reached skill level 3 in Polearms
   313 | D:1      | Gained mutation: You are partially covered in slimy green scales (AC +2). [demonic ancestry]
   313 | D:1      | Reached XP level 2. HP: 22/22 MP: 2/2
  1019 | D:1      | You fall through a shaft!
  1031 | D:2      | Gained mutation: You have large cloven feet. [demonic ancestry]
  1031 | D:2      | Reached XP level 3. HP: 25/27 MP: 3/3
  1097 | D:2      | Reached skill level 4 in Polearms
  1278 | D:2      | Found a basalt altar of Yredelemnul.
  1287 | D:2      | Became a worshipper of Yredelemnul the Dark
  1537 | D:2      | Found a blossoming altar of Fedhas.
  1560 | D:2      | Noticed an oklob plant
  1906 | D:2      | Gained mutation: You regenerate a little health from kills. [demonic ancestry]
  1906 | D:2      | Reached XP level 4. HP: 17/33 MP: 4/4
  1997 | D:3      | Reached skill level 5 in Polearms
  2019 | D:3      | Found a glowing drain.
  2060 | Sewer    | Entered a sewer
  2100 | Sewer    | Reached * piety under Yredelemnul
  2100 | Sewer    | Gained mutation: You are mostly covered in slimy green scales (AC +3). [demonic ancestry]
  2100 | Sewer    | Reached XP level 5. HP: 32/38 MP: 5/5
  2392 | Sewer    | Reached skill level 1 in Invocations
  2540 | Sewer    | Reached ** piety under Yredelemnul
  2988 | D:3      | Reached XP level 6. HP: 8/44 MP: 7/7
  2993 | D:3      | Reached skill level 6 in Polearms
  3315 | D:3      | Found a stormy altar of Qazlal.
  3553 | D:4      | Mangled by an ogre

Action                   |  1- 3 |  4- 6 || total
-------------------------+-------+-------++-------
Melee: Trident           |   173 |   328 ||   501
  Use: Scroll            |     4 |     3 ||     7
       Potion            |       |     7 ||     7
  Eat: Chunk             |     3 |     6 ||     9
